AoeStats
← pepega

Arabia

504851245Analyzed
1v1 RM · 26d ago on Sep 6, 2026· 47m 50s· 2 players
Game mode
Random Map
Map size
Tiny (2 player)
Population
200
Speed
Normal
Resources
Standard
Victory
Conquest
Starting age
Dark Age
Ending age
Imperial Age
RankedLock teamsTeams togetherTeam positionsShared explorationLock speedFull tech treeHidden civsTurbo modeCheats
Victory
Defeat
🇵🇱 Franks · Poland
1518
+14
🇺🇸 Lithuanians · United States
1483
-14
_LeThaL_
7:51 Loom
9:55 Feudal Age
11:30 Double-Bit Axe
13:29 Horse Collar
17:48 Fletching
18:55 Padded Archer Armor
20:33 Forging
21:26 Scale Mail Armor
25:32 Wheelbarrow
28:40 Castle Age
28:56 Elite Skirmisher
33:23 Bodkin Arrow
36:31 Hill Forts
43:14 Scale Barding Armor
pepega
6:31 Loom
8:51 Feudal Age
9:32 Double-Bit Axe
16:44 Fletching
17:18 Scale Barding Armor
20:01 Forging
22:22 Wheelbarrow
23:01 Gold Mining
25:19 Castle Age
25:37 Crossbowman
26:13 Bodkin Arrow
27:04 Bow Saw
33:36 Husbandry
34:04 Chain Barding Armor
39:11 Imperial Age
39:23 Hand Cart
39:07 Stone Mining
39:45 Onager
40:39 Cavalier
43:46 Chemistry
46:33 Chivalry
48:29 Plate Barding Armor
Connection lost

Rejoining the realm…

Still unreachable

The connection could not be restored.

Session expired

The server has moved on; the page needs a fresh start.